Map: Acropolis LE

Players

llllllllllll - Winner!

  • Race: Protoss Protoss
  • League: Master
  • Spawn Location: 11:00

DARK

  • Race: Terran Terran
  • League: Master
  • Spawn Location: 5:00

VOD

Have the link to the VOD?

Description

Time

  • Played on: June 9, 2019, 8:31 a.m.
  • Length: 3:14
Show
View Real Time Build Order
Export as new Build Order

llllllllllll Protoss - Winner!

Build Orders: 1 Gate Expand 

Get SALT Encoding   

  12  0:00  Probe  
  13  0:13  Probe  
  14  0:17  Pylon  
  14  0:25  Probe  
  15  0:37  Probe  
  15  0:38  Gateway  
  16  0:49  Probe  
  17  0:52  Gateway  
  17  1:18  Zealot  
  17  1:24  Nexus  
  17  1:31  Zealot  
  21  1:44  Zealot  
  23  1:49  Pylon  
  23  1:54  Pylon  
  23  1:58  Zealot  
  24  2:11  Zealot  
  26  2:25  Assimilator  
Show
View Real Time Build Order
Export as new Build Order

DARK Terran 

Build Orders:  

Get SALT Encoding   

  12  0:01  SCV  
  13  0:13  SCV  
  14  0:17  Supply Depot  
  14  0:25  SCV  
  14  0:27  Refinery  
  15  0:39  SCV  
  16  0:44  Barracks  
  16  0:51  SCV  
  17  1:03  SCV  
  18  1:15  SCV  
  19  1:34  Orbital Command  
  19  1:37  Reaper  
  20  1:47  Supply Depot  
  20  1:48  Refinery  
  20  1:53  Factory  
  20  2:02  SCV  
  21  2:08  Bunker  
  21  2:13  Marine  
  21  2:14  SCV  
  23  2:26  SCV  
  24  2:38  SCV  
  24  2:39  Factory Tech Lab, Marine  
  26  2:50  SCV  
Tags
 
Add a new tag
Caveats
  • Supply blocks, unpowered buildings, or Contaminate may cause inaccurate times.
  • Supply counts are checked every 10 seconds.